 Dungeon Crawl Stone Soup version 0.20.0-15-g7f486f2 (webtiles) character file.

15362 dvd the Cleaver (level 12, -1/118 HPs)
             Began as a Troll Monk on June 16, 2017.
             Was an Elder of Ashenzari.
             Slain by a seven-headed hydra (2 damage)
             ... on level 2 of the Lair of Beasts.
             The game lasted 00:38:14 (11652 turns).

dvd the Cleaver (Troll Monk)                       Turns: 11652, Time: 00:38:16

Health: -1/118     AC: 14    Str: 23    XL:     12   Next: 0%
Magic:  3/3        EV: 14    Int:  6    God:    Ashenzari [****..]
Gold:   806        SH:  0    Dex: 17    Spells: 10/11 levels left

rFire    . . .     SeeInvis +   b - +8 war axe (antimagic) (curse)
rCold    . . .     Gourm    +   (no shield)
rNeg     . . .     Faith    .   U - +0 steam dragon scales
rPois    +         Spirit   .   (helmet restricted)
rElec    +         Reflect  .   g - +2 cloak
rCorr    .         Harm     .   (gloves unavailable)
MR       .....     Clarity  +   (boots unavailable)
Stlth    ++........             D - amulet of rage
Regen    0.7/turn               F - ring of poison resistance
MPRegen  0.1/turn               q - +1 ring of protection

@: no status effects
A: unfitting armour, claws 3, thin metallic scales 1, agile 1, fast metabolism
3, gourmand, low mp 1, regeneration 1, shaggy fur 1, electricity resistance,
tough skin 2
a: Curse Item, Scrying, Renounce Religion, Evoke Berserk Rage


You were on level 2 of the Lair of Beasts.
You worshipped Ashenzari.
Ashenzari was greatly pleased with you.
You were completely stuffed.

You visited 3 branches of the dungeon, and saw 14 of its levels.

You collected 845 gold pieces.
You spent 39 gold pieces at shops.

Inventory:

Hand Weapons
 b - a cursed +8 antimagic war axe (weapon)
 k - the +10 dagger "Killer Bee's Death" {elec, rC+ Str+4}
   (You found it on level 6 of the Dungeon)

   Occasionally, upon striking a foe, it will discharge some electrical energy
   and cause terrible harm.
   It affects your strength (+4).
   It protects you from cold.
 l - the +4 hand crossbow of Sulphur {penet, rF- rN+ MR+ Int+5}
   (You found it on level 6 of the Dungeon)

   Ammo fired by it will pass through the targets it hits, potentially hitting
   all targets in its path until it reaches maximum range.
   It affects your intelligence (+5).
   It makes you vulnerable to fire.
   It protects you from negative energy.
   It affects your resistance to hostile enchantments.
 H - a +2 battleaxe of chopping
 K - a cursed +1 mace of crushing
 L - a +2 spear of piercing
 V - a +0 trident of flaming
 Y - a +2 war axe of chopping
 Z - a +3 antimagic mace
Missiles
 i - 189 stones (quivered)
Armour
 g - a +2 cloak (worn)
 N - a +0 robe of fire resistance
 U - +0 steam dragon scales (worn)
Jewellery
 d - an uncursed ring of magical power
 o - an uncursed ring of stealth
 q - a +1 ring of protection (right claw)
 D - an amulet of rage (around neck)
 F - a ring of poison resistance (left claw)
 S - an uncursed ring of flight
Wands
 p - a wand of lightning (0/15)
 s - a wand of flame (1/48)
 y - a wand of iceblast (8/15)
 O - a wand of paralysis (13/24)
Scrolls
 e - 14 scrolls of identify
 r - 2 scrolls of silence {unknown}
 u - a scroll of enchant armour
 v - 7 scrolls of teleportation
 E - a scroll of remove curse
 R - 2 scrolls of amnesia
 W - a scroll of fog
Potions
 h - 2 potions of lignification
 m - 2 potions of haste
 n - a potion of cancellation
 t - 6 potions of brilliance
 z - a potion of berserk rage
 A - 2 potions of might
 B - 3 potions of mutation
 G - a potion of ambrosia {unknown}
 I - 2 potions of agility
 J - a potion of curing
 Q - a potion of magic
Comestibles
 c - 11 bread rations
 f - 4 fruits
 j - 2 royal jellies
 w - 12 chunks of flesh
 C - 8 meat rations


   Skills:
 + Level 7.5 Fighting
 + Level 11.1(14.6) Axes
 + Level 5.7(9.7) Maces & Flails
 + Level 4.2 Throwing
 + Level 6.9 Dodging
 + Level 3.0 Stealth
 + Level 0.7 Evocations


You had 10 spell levels left.
You knew the following spells:

 Your Spells              Type           Power        Failure   Level  Hunger
a - Sandblast             Erth           #.....       45%         1    ##.....


Dungeon Overview and Level Annotations

Branches:
Dungeon (11/15)            Temple (1/1) D:6            Lair (2/6) D:8
  Swamp (0/4) Lair:2          Orc (0/2) D:11
  Snake: Lair:2-4    Spider: Lair:2-4

Altars:
Ashenzari
Cheibriados
Dithmenos
Elyvilon
Fedhas
Gozag
Hepliaklqana
Kikubaaqudgha
Makhleb
Nemelex Xobeh
Okawaru
Qazlal
Ru
Sif Muna
Trog
Uskayaw
Vehumet
Xom
Yredelemnul
Zin
The Shining One

Shops:
D:4 *   D:8 *   D:10 (

Annotations:
D:6 2 runed doors
Lair:1 exclusion: oklob plant


Innate Abilities, Weirdness & Mutations

You are too large for most types of armour.
You have claws for hands.
Your metabolism is lightning-fast.
You like to eat raw meat.
Your natural rate of healing is unusually fast.
You are covered in fur. (AC +1)
You have very tough skin. (AC +2)
You are partially covered in thin metallic scales. (AC +2)
You are agile. (Dex +2)
Your magical capacity is low. (-10% MP)
You are resistant to electric shocks. (rElec)


Message History

The seven-headed hydra bites you.
* * * LOW HITPOINT WARNING * * *
The seven-headed hydra bites you!
* * * LOW HITPOINT WARNING * * *
The seven-headed hydra bites you.
* * * LOW HITPOINT WARNING * * *
As you read the scroll of fear, it crumbles to dust.
You assume a fearsome visage.
The seven-headed hydra resists with some effort.
The seven-headed hydra bites you!
* * * LOW HITPOINT WARNING * * *
The seven-headed hydra bites you.
* * * LOW HITPOINT WARNING * * *
The seven-headed hydra bites you but does no damage.
The seven-headed hydra closely misses you.
The seven-headed hydra bites you.
* * * LOW HITPOINT WARNING * * *
The seven-headed hydra bites you but does no damage.
The seven-headed hydra bites you.
You die...

### * # #######.#*## *
##P#.##.#..##.####..,*
** *
#...........@D..(((. ,
#.###..##..#........
,,, ,
#.###.+###.#........,
, ,
#.##......#....##... ,
,,,,
##.##.......#...##...
#...........#........
,,* ,
##.##......##........
..*.....
##.#.......+.......,,
..##....
#P.##..##P.##...# ,
.......


You could see a seven-headed hydra.

Vanquished Creatures
  Nergalle (D:11)
  2 unseen horrors
  A black mamba (Lair:2)
  A spiny frog (Lair:1)
  Psyche (D:8)
  A gargoyle (D:11)
  A komodo dragon (Lair:1)
  A rime drake (Lair:1)
  Grinder (D:6)
  4 hippogriffs
  3 blink frogs (Lair:2)
  28 yaks
  2 steam dragons
  2 swamp worms (Lair:2)
  3 wargs (D:8)
  3 water moccasins
  2 porcupines
  5 orc warriors
  A black bear (D:8)
  4 ogres
  4 centaurs
  4 crocodiles
  Blork the orc (D:6)
  2 big kobolds
  10 bullfrogs
  2 water moccasin zombies
  3 scorpions
  8 killer bees
  6 wights
  7 howler monkeys
  2 crimson imps (D:7)
  A bullfrog skeleton (D:11)
  4 hounds
  12 orc priests
  13 orc wizards
  A jelly (D:8)
  A centaur skeleton (D:6)
  Jessica (D:2)
  An iguana (D:9)
  11 worker ants
  Terence (D:2)
  A hound zombie (D:8)
  A worker ant zombie (D:9)
  A howler monkey zombie (D:6)
  4 gnolls (D:8)
  13 adders
  2 shadow imps
  An ooze (D:6)
  3 adder skeletons
  3 adder zombies
  4 worms
  2 dart slugs
  5 leopard geckos
  72 orcs
  A ball python (D:1)
  4 giant cockroaches
  8 goblins
  7 hobgoblins
  14 jackals
  10 kobolds
  3 quokkas
  8 bats
  7 frilled lizards
  A giant cockroach zombie (D:5)
  A quokka zombie (D:6)
  9 rats
347 creatures vanquished.

Notes
Turn   | Place    | Note
-------+----------+-------------------------------------------
     0 | D:1      | dvd the Troll Monk began the quest for the Orb.
     0 | D:1      | Reached XP level 1. HP: 22/22 MP: 0/0
   317 | D:1      | Reached XP level 2. HP: 25/29 MP: 1/1
   914 | D:2      | Reached XP level 3. HP: 34/36 MP: 2/2
  1174 | D:2      | Noticed Jessica
  1177 | D:2      | Killed Jessica
  1177 | D:2      | Reached XP level 4. HP: 45/45 MP: 3/3
  1333 | D:2      | Noticed Terence
  1343 | D:2      | Killed Terence
  1343 | D:2      | Reached skill level 1 in Throwing
  1685 | D:3      | Reached XP level 5. HP: 39/53 MP: 4/4
  2610 | D:3      | Found a deep blue altar of Sif Muna.
  2653 | D:3      | Gained mutation: Your magical capacity is low. (-10% MP) [potion of mutation]
  2653 | D:3      | Gained mutation: You are resistant to electric shocks. (rElec) [potion of mutation]
  2653 | D:3      | Gained mutation: You are agile. (Dex +2) [potion of mutation]
  2653 | D:3      | Gained mutation: You are partially covered in thin metallic scales. (AC +2) [potion of mutation]
  2754 | D:4      | Noticed a centaur
  2756 | D:4      | Reached skill level 1 in Axes
  2756 | D:4      | Reached XP level 6. HP: 37/61 MP: 4/4
  2859 | D:4      | Found a hazy altar of Hepliaklqana.
  2888 | D:4      | Found a basalt altar of Yredelemnul.
  2889 | D:4      | Found a blossoming altar of Fedhas.
  2889 | D:4      | Found a burning altar of Makhleb.
  3023 | D:4      | Found Ysoll's Assorted Antiques.
  3178 | D:4      | Found a shimmering altar of Xom.
  3216 | D:5      | Entered Level 5 of the Dungeon
  3347 | D:4      | HP: 3/61 [orc priest/whip of freezing (7)]
  3492 | D:4      | Reached XP level 7. HP: 44/67 MP: 1/5
  4017 | D:5      | Found a sparkling altar of Nemelex Xobeh.
  4017 | D:5      | Found an ancient bone altar of Kikubaaqudgha.
  4017 | D:5      | Found an iron altar of Okawaru.
  4020 | D:5      | Found a hide-covered altar of Uskayaw.
  4345 | D:6      | Found a staircase to the Ecumenical Temple.
  4359 | D:6      | Reached skill level 2 in Axes
  4369 | D:6      | Noticed Blork the orc
  4385 | D:6      | Killed Blork the orc
  4385 | D:6      | Reached skill level 5 in Maces & Flails
  4401 | Temple   | Entered the Ecumenical Temple
  4420 | Temple   | Became a worshipper of Ashenzari the Shackled
  4420 | Temple   | Reached * piety under Ashenzari
  4420 | Temple   | Reached ** piety under Ashenzari
  4528 | D:6      | Reached XP level 8. HP: 66/78 MP: 2/6
  4717 | D:6      | Noticed Grinder
  4719 | D:6      | Paralysed by Grinder for 4 turns
  4727 | D:6      | Killed Grinder
  4727 | D:6      | Reached skill level 3 in Axes
  4827 | D:6      | Found a large runed door.
  4827 | D:6      | Found a large runed door.
  4849 | D:6      | Noticed a hippogriff
  4850 | D:6      | Identified the +7 shortbow of Doom {freeze, rF- Str+2 Dex+7}
  4850 | D:6      | Identified the +10 dagger "Killer Bee's Death" {elec, rC+ Str+4}
  4850 | D:6      | Found a large runed door.
  4850 | D:6      | Found a large runed door.
  4861 | D:6      | Killed a hippogriff
  4868 | D:6      | Reached skill level 4 in Axes
  4991 | D:6      | Reached XP level 9. HP: 85/85 MP: 2/7
  5080 | D:6      | Identified the +4 hand crossbow of Sulphur {penet, rF- rN+ MR+ Int+5}
  5155 | D:6      | Found a white marble altar of Elyvilon.
  5550 | D:7      | Reached skill level 5 in Axes
  5661 | D:7      | Reached skill level 5 in Dodging
  5764 | D:7      | Reached skill level 6 in Axes
  5776 | D:7      | Reached skill level 5 in Fighting
  6290 | D:8      | Noticed Psyche
  6296 | D:8      | Paralysed by Psyche for 3 turns
  6300 | D:8      | Killed Psyche
  6416 | D:8      | Reached *** piety under Ashenzari
  6549 | D:8      | Reached skill level 7 in Axes
  6632 | D:8      | Found a staircase to the Lair.
  6642 | D:8      | Reached XP level 10. HP: 50/96 MP: 2/8
  7184 | D:8      | Found Henac's General Store.
  7187 | D:8      | Bought a potion of curing for 39 gold pieces
  7838 | D:9      | Found a stormy altar of Qazlal.
  8130 | D:9      | Reached skill level 8 in Axes
  8348 | D:10     | Entered Level 10 of the Dungeon
  8584 | D:10     | Found Agroteod's Weapon Shop.
  8656 | D:10     | Reached **** piety under Ashenzari
  8838 | D:10     | Noticed an unseen horror
  8843 | D:10     | Killed an unseen horror
  8843 | D:10     | Reached skill level 9 in Axes
  9002 | D:10     | Reached XP level 11. HP: 107/107 MP: 3/9
  9213 | D:11     | Found Ceusmas's Jewellery Boutique.
  9514 | D:11     | Found a staircase to the Orcish Mines.
  9633 | D:11     | Noticed Nergalle
  9649 | D:11     | Killed Nergalle
 10039 | D:11     | Noticed an unseen horror
 10051 | D:11     | Killed an unseen horror
 10051 | D:11     | Reached skill level 10 in Axes
 10063 | D:11     | Learned a level 1 spell: Sandblast
 10182 | Lair:1   | Entered Level 1 of the Lair of Beasts
 10306 | Lair:1   | Noticed an oklob plant
 11288 | Lair:2   | Reached skill level 11 in Axes
 11541 | Lair:2   | Reached XP level 12. HP: 95/118 MP: 3/10
 11638 | Lair:2   | Noticed a seven-headed hydra
 11652 | Lair:2   | HP: 1/118 [seven-headed hydra (5)]
 11652 | Lair:2   | Slain by a seven-headed hydra

Skill      XL: |  1  2  3  4  5  6  7  8  9 10 11 |
---------------+----------------------------------+-----
Maces & Flails | 3 4 5 |  5.7
Fighting       | 3 4 5 6 7 |  7.5
Dodging        | 3 4 5 6 |  6.9
Throwing       | 1 2 3 4 |  4.2
Axes           | 1 2 4 7 9 11 | 11.1
Stealth        | 2 3 |  3.0
Evocations     | |  0.7

Action                   |  1- 3 |  4- 6 |  7- 9 | 10-12 || total
-------------------------+-------+-------+-------+-------++-------
Melee: Mace              |   104 |   193 |       |       ||   297
       War axe           |       |    48 |   255 |   417 ||   720
       Whip              |       |       |   114 |       ||   114
Throw: Stone             |     6 |    83 |     2 |     1 ||    92
       Javelin           |    13 |    29 |       |       ||    42
       Tomahawk          |       |    30 |    11 |    27 ||    68
 Cast: Sandblast         |       |       |       |     3 ||     3
Invok: Curse Item        |       |       |     1 |       ||     1
 Abil: Evoke Berserk Rag |       |       |     1 |       ||     1
Evoke: Wand              |       |     1 |     2 |     8 ||    11
  Use: Potion            |       |     8 |     1 |     7 ||    16
       Scroll            |       |     1 |    17 |     5 ||    23
 Stab: Sleeping          |     2 |     2 |     2 |     8 ||    14
       Distracted        |       |       |     1 |       ||     1
  Eat: Chunk             |    17 |    22 |    30 |    46 ||   115
Armor: Robe              |    41 |   112 |   163 |    23 ||   339
       Steam dragon scal |       |       |       |   130 ||   130
Dodge: Dodged            |    75 |   160 |   235 |   345 ||   815
